 Dungeon Crawl Stone Soup version 0.30-a0-691-g754fce4c43 (webtiles) character file.

Game seed: 18340344292694096267

268 Leeroy the Slasher (level 6, 0/35 HPs)
             Began as a Tengu Warper on Jan 19, 2023.
             Was a Follower of Uskayaw.
             Slain by an adder (1 damage)
             ... in a sewer.
             The game lasted 00:03:59 (3119 turns).

Leeroy the Slasher (Tengu Warper)                   Turns: 3119, Time: 00:04:00

Health: 0/35       AC:  3    Str: 11    XL:     6   Next: 21%
Magic:  10/10      EV: 14    Int: 13    God:    Uskayaw [*.....]
Gold:   158        SH:  0    Dex: 16    Spells: 4/9 levels left

rFire   + . .      SeeInvis +    a - +0 falchion
rCold   + . .      Faith    +    (no shield)
rNeg    . . .      Spirit   .    b - +0 leather armour
rPois   .          Reflect  .    (helmet restricted)
rElec   .          Harm     .    o - scarf {rC+ rF+}
rCorr   .          Rampage  .    (no gloves)
Will    .....                    (boots unavailable)
Stlth   +                        e - amulet of faith
HPRegen 0.25/turn                f - ring of flight
MPRegen 0.12/turn                j - ring of see invisible

@: lethally poisoned (0 -> -9), flying quickly and evasively, quick
A: beak, talons 3, nimble flight
a: Renounce Religion, Stomp


You were in a sewer.
You worshipped Uskayaw.
Uskayaw was noncommittal.
You visited 1 branch of the dungeon, and saw 4 of its levels.
You also visited: Sewer.

You collected 158 gold pieces.

Inventory:

Hand Weapons
 a - a +0 falchion (weapon)
 v - a +0 short sword of holy wrath
Missiles
 d - 5 boomerangs of dispersal (quivered)
 u - a throwing net
 x - 2 boomerangs
Armour
 b - a +0 leather armour (worn)
 o - a scarf of resistance (worn)
 s - a +2 helmet
Jewellery
 e - an amulet of faith (around neck)
 f - a ring of flight (left hand)
 j - a ring of see invisible (right hand)
Scrolls
 c - 2 scrolls of blinking
 k - a scroll of silence {unknown}
 l - 2 scrolls of fog {unknown}
 m - a scroll of magic mapping {unknown}
 n - 2 scrolls of brand weapon {unknown}
 p - 4 scrolls of enchant weapon {unknown}
 q - 2 scrolls of butterflies {unknown}
 t - 2 scrolls of identify {unknown}
Potions
 g - a potion of heal wounds
 h - 4 potions of curing {unknown}
 i - a potion of haste {unknown}
 r - a potion of ambrosia {unknown}
 w - a potion of lignification {unknown}
 z - a potion of degeneration {unknown}


   Skills:
 - Level 2.0 Fighting
 + Level 7.0 Long Blades
 - Level 1.0 Throwing
 - Level 1.1 Armour
 - Level 2.1 Dodging
 - Level 2.0 Spellcasting
 - Level 2.4 Translocations


You had 4 spell levels left.
You knew the following spells:

 Your Spells              Type           Power      Damage    Failure   Level
a - Blink                 Tloc           14%        N/A       19%         2
b - Teleport Other        Tloc           7%         N/A       36%         3

Your spell library contained the following spells:

 Spells                   Type           Power      Damage    Failure   Level
 Apportation              Tloc           14%        N/A       13%         1
 Lesser Beckoning         Tloc           14%        N/A       19%         2
 Necrotise                Necr           4%         1d4       32%         1
 Summon Small Mammal      Summ           4%         N/A       32%         1
 Vhi's Electric Charge    Tloc/Air       8%         N/A       52%         3
 Manifold Assault         Tloc           7%         N/A       77%         4
 Alistair's Intoxication  Tmut/Pois      0%         N/A       100%        5
 Borgnjor's Vile Clutch   Necr/Erth      0%         N/A       100%        5
 Eringya's Noxious Bog    Tmut/Pois      0%         N/A       100%        6


Dungeon Overview and Level Annotations

Branches:
Dungeon (4/15)             Temple (0/1) D:4           Sewer (1/1)

Altars:
Uskayaw


Innate Abilities, Weirdness & Mutations

You have a beak for a mouth.
You have claws for feet.
Your magical nature lets you fly swiftly and evasively.


Message History

The quokka is almost dead.
The quokka bites you.
You slash the quokka!
You kill the quokka!
You slash the ball python!
You kill the ball python!
You closely miss the frilled lizard. Your kick misses the frilled lizard.
The frilled lizard closely misses you.
You miss the frilled lizard. The frilled lizard misses you.
You barely miss the frilled lizard. Your kick misses the frilled lizard.
The frilled lizard misses you.
An adder comes into view.
You miss the frilled lizard. Your kick misses the frilled lizard.
The frilled lizard closely misses you.
You hit the frilled lizard.
You kill the frilled lizard!
Things that are here:
a frilled lizard corpse; a giant cockroach corpse The adder attacks as you move away!
The adder bites you.
You are poisoned.
The adder poisons you!
You feel sick.
You hit the adder.
The adder is lightly wounded.
You feel sick. The adder closely misses you. The adder bites you.
* * * LOW HITPOINT WARNING * * *
You are more poisoned.
The adder poisons you!
You closely miss the adder. Your kick misses the adder.
Your peck misses the adder.
The adder is lightly wounded.
You feel sick. The adder bites you.
* * * LOW HITPOINT WARNING * * *
You are more poisoned.
The adder poisons you!
You hit the adder. Your kick misses the adder. You peck the adder.
The adder is severely wounded.
* * * LOW HITPOINT WARNING * * *
You feel very sick. The adder bites you.
You die...

######
#####.~~~~~
###.∩..~.~~~~
#~..@S######
#∩~~####
#####


You could see an adder.

Vanquished Creatures
  A jelly (D:4)
  2 orc wizards (D:4)
  4 gnolls (D:3)
  5 adders
  A river rat (D:4)
  An ufetubus (D:4)
  3 worms
  7 orcs
  7 ball pythons
  6 bats
  6 endoplasms
  4 giant cockroaches
  4 goblins
  8 hobgoblins
  5 quokkas
  7 frilled lizards
  4 kobolds
  6 rats
81 creatures vanquished.

Notes
Turn   | Place    | Note
-------+----------+-------------------------------------------
     0 | D:1      | Leeroy the Tengu Warper began the quest for the Orb.
     0 | D:1      | Reached XP level 1. HP: 12/12 MP: 4/4
   191 | D:1      | Reached skill level 3 in Long Blades
   191 | D:1      | Reached XP level 2. HP: 16/17 MP: 6/6
   612 | D:2      | Reached XP level 3. HP: 21/21 MP: 7/7
   781 | D:2      | Reached skill level 4 in Long Blades
   868 | D:2      | Reached XP level 4. HP: 18/26 MP: 8/8
  1677 | D:3      | Reached skill level 5 in Long Blades
  1691 | D:3      | Found a faded altar of an unknown god.
  1765 | D:3      | HP: 1/26 [gnoll/+0 halberd (3)]
  1871 | D:2      | Learned a level 2 spell: Blink
  1875 | D:2      | Learned a level 3 spell: Teleport Other
  2039 | D:3      | Gained mutation: Your magical nature lets you fly swiftly
                  | and evasively. [Tengu growth]
  2039 | D:3      | Reached XP level 5. HP: 3/30 MP: 9/9
  2560 | D:4      | Reached skill level 6 in Long Blades
  2811 | D:4      | Reached XP level 6. HP: 26/35 MP: 10/10
  2973 | D:4      | Found a hide-covered altar of Uskayaw.
  2979 | D:4      | Became a worshipper of Uskayaw the Reveller
  3021 | D:4      | Found a staircase to the Ecumenical Temple.
  3047 | D:4      | Reached * piety under Uskayaw
  3052 | D:4      | Reached ** piety under Uskayaw
  3056 | D:4      | Found a glowing drain.
  3061 | Sewer    | Entered a sewer
  3070 | Sewer    | Reached skill level 7 in Long Blades
  3119 | Sewer    | HP: 1/35 [poisoned by an adder]
  3119 | Sewer    | Slain by an adder

Illustrated notes

Levels and vault maps discovered:
D:1:      dpeg_arrival_rooms_c, layout_basic, minmay_bisected
D:2:      layout_loops_ring
D:3:      layout_basic, shapermc_ecumenical_altar_venn, minmay_circle_x
D:4:      layout_basic, mainiacjoe_overflow_alcove_2,
          minmay_temple_entry_from_below_a, gup_sewer_entry_bowl,
          amethyst_killhole, uniq_grinder
Sewer:    sewer_frog_island_02

Skill      XL: |  1  2  3  4  5  6 |
---------------+-------------------+-----
Long Blades    | 3 4 5 6 7 |  7.0
Fighting       | |  2.0
Throwing       | |  1.0
Armour         | |  1.1
Dodging        | |  2.1
Spellcasting   | |  2.0
Translocations | |  2.4

Action                   |  1- 3 |  4- 6 || total
-------------------------+-------+-------++-------
Melee: Falchion          |    61 |   130 ||   191
       Kick              |    15 |    33 ||    48
       Peck              |    10 |     9 ||    19
       Punch             |     1 |     1 ||     2
Throw: Boomerang         |       |     2 ||     2
  Use: Potion            |       |     1 ||     1
 Stab: Sleeping          |       |     2 ||     2
Armor: Leather armour    |    12 |    26 ||    38
Dodge: Dodged            |    34 |   110 ||   144

Table legend: (Time is in decaauts)
 A = Elapsed time spent in this place.
 B = Non-inter-level travel time spent in this place.
 C = Inter-level travel time spent in this place.
 D = Time resting spent in this place.
 E = Time spent auto-exploring this place.
 F = Levels seen in this place.
 G = Mean time per level.
                   A        B        C        D        E       F      G
               +--------+--------+--------+--------+--------+-----+--------+
         Total |   3064 |   2920 |    144 |    106 |   2235 |   5 |  612.8 |
       Dungeon |   3008 |   2864 |    144 |     91 |   2235 |   4 |  752.0 |
         Sewer |     55 |     55 |      0 |     15 |      0 |   1 |   55.0 |
               +--------+--------+--------+--------+--------+-----+--------+

Top non-repeatable levels by time:
     D:3: 895 daAuts
     D:2: 871 daAuts
     D:4: 648 daAuts
     D:1: 593 daAuts
   Sewer: 55 daAuts
